 Dungeon Crawl Stone Soup version 0.31-a0-154-g56bf346678 (webtiles) character file.

Game seed: 2686732711384064422

214 quinnr the Sneak (level 5, -2/24 HPs)
             Began as a Vine Stalker Air Elementalist on June 4, 2023.
             Was an Initiate of Vehumet.
             Slain by Pikel
             ... wielding a +1 whip of freezing
              (6 damage)
             ... on level 3 of the Dungeon on June 11, 2023.
             The game lasted 00:09:33 (3979 turns).

quinnr the Sneak (Vine Stalker Air Elementalist)    Turns: 3979, Time: 00:09:33

Health: -2/24      AC:  3    Str: 10    XL:     5   Next: 91%
Magic:  0/10       EV: 12    Int: 17    God:    Vehumet [......]
Gold:   114        SH:  0    Dex: 15    Spells: 0/10 levels left

rFire   . . .        h - +1 dagger (venom)
rCold   . . .        (no shield)
rNeg    + . .        a - +0 robe
rPois   .            (no helmet)
rElec   .            (no cloak)
rCorr   .            (no gloves)
SInv    .            o - +0 pair of boots
Will    .....        (no amulet)
Stlth   +++          N - ring of positive energy
HPRegen 1.04/turn    (no ring)
MPRegen 0.12/turn

%: guardian spirit
@: very slightly contaminated
A: fangs 2, regeneration 1, magic shield, antimagic bite, no potion heal 2
a: Renounce Religion


You were on level 3 of the Dungeon.
You worshipped Vehumet.
Vehumet was noncommittal.
You visited 1 branch of the dungeon, and saw 4 of its levels.

You collected 114 gold pieces.


Innate Abilities, Weirdness & Mutations

You have extremely sharp teeth.
Your natural rate of healing is unusually fast.
When hurt, damage is shared between your health and your magic reserves.
Your bite disrupts and absorbs the magic of your enemies.
Potions cannot restore your health.


   Skills:
 - Level 1.5 Dodging
 - Level 5.4 Stealth
 - Level 3.0 Spellcasting
 - Level 1.0 Conjurations
 * Level 4.7 Air Magic


You couldn't memorise any spells.
You knew the following spells:

 Your Spells              Type           Power      Damage    Failure   Level
a - Airstrike             Air            9%         2d(2-18)  26%         4
i - Swiftness             Air            18%        N/A       8%          3
t - Static Discharge      Conj/Air       24%        2-3/arc   9%          2
z - Shock                 Conj/Air       48%        1d6       5%          1

Your spell library contained the following spells:

 Spells                   Type           Power      Damage    Failure   Level
 Freeze                   Ice            8%         1d3       17%         1
 Hailstorm                Conj/Ice       4%         3d4       38%         3
 Frozen Ramparts          Ice            4%         1d1       45%         3

Inventory:

Hand Weapons
 h - a +1 dagger of venom (weapon)
Armour
 a - a +0 robe (worn)
 o - a +0 pair of boots (worn)
Jewellery
 N - a ring of positive energy (left hand)
Scrolls
 f - a scroll of amnesia {unknown}
 i - a scroll of magic mapping {unknown}
 j - 2 scrolls of immolation {unknown}
 k - a scroll of identify {unknown}
 m - 2 scrolls of fog {unknown}
 n - 2 scrolls of butterflies
Potions
 b - a potion of magic
 c - a potion of might {unknown}
 d - a potion of mutation {unknown}
 e - 2 potions of brilliance {unknown}
 g - 2 potions of ambrosia {unknown}
 l - a potion of berserk rage {unknown}

Dungeon Overview and Level Annotations

Branches:
Dungeon (4/15)
 Temple: D:4-7

Altars:
Dithmenos
Fedhas
Gozag
Okawaru
Vehumet

Annotations:
D:3 exclusion: downstairs, Pikel

### ## #<# #. #.# #. #@# #. #K#
#. # ###########'###############.
# #........................##. #
#...............▒▒▒▒.....##.
######..............▒▒ ▒▒▒▒...##.
...................▒▒▒▒▒8▒▒▒..+.>
.(.............#'#.▒...▒⚑≈≈▒▒..#.
..b.......####........▒▒..~≈▒▒.#.


You could see Pikel.


Message History

Where to? (Enter - D:4, ? - help) Pikel is nearby!
Unknown command.
Unknown command.
Pikel says, "You'll feel the lick of my whip!"
There is an open door here.
Casting: Shock (safe; 5% risk of failure)
Confirm with . or Enter, or press ? or * to list all spells.
The spell is astonishingly dangerous to miscast (26% risk of failure)!
Continue anyway?
Aiming: Airstrike (astonishingly dangerous; 26% risk of failure)
Press: ? - help, Dir - move target, f - Pikel
Aim: Pikel, wielding a +1 whip of freezing and wearing a +0 robe (empty space bonus: 8/8)
The air twists around and strikes Pikel!!
Pikel is severely wounded.
Casting: Airstrike (astonishingly dangerous; 26% risk of failure)
Confirm with . or Enter, or press ? or * to list all spells.
The spell is astonishingly dangerous to miscast (26% risk of failure)!
Continue anyway?
Aiming: Airstrike (astonishingly dangerous; 26% risk of failure)
Press: ? - help, Dir - move target, f/p - Pikel
Aim: Pikel, wielding a +1 whip of freezing and wearing a +0 robe (severely wounded, empty space bonus: 8/8)
You miscast Airstrike.
You are very lightly contaminated with residual magic.
Sparks of electricity dance around you!
Ouch! That really hurt!
* * * LOW HITPOINT WARNING * * *
Pikel attacks as you move away!
Pikel hits you with a +1 whip of freezing!
* * * LOW HITPOINT WARNING * * *
Pikel freezes you.
You die...

Skill      XL: |  1  2  3  4  5 |
---------------+----------------+-----
Stealth        | 3 4 5 |  5.4
Air Magic      | 4 |  4.7
Spellcasting   | 3 |  3.0
Dodging        | |  1.5
Conjurations   | |  1.0

Action                     |  1- 3 |  4- 6 || total
---------------------------+-------+-------++-------
  Melee: Dagger            |       |    32 ||    32
         Bite              |       |     9 ||     9
  Throw: Dart              |       |     2 ||     2
   Cast: Shock             |    59 |   116 ||   175
         Swiftness         |       |     4 ||     4
         Static Discharge  |       |     5 ||     5
         Airstrike         |       |     1 ||     1
    Use: Scroll            |     1 |     1 ||     2
 Armour: Robe              |     1 |    11 ||    12
  Dodge: Dodged            |    11 |    42 ||    53

Levels and vault maps discovered:
D:1:      sevenhm_arrival_forest_fort_small_4, layout_rooms
D:2:      layout_loops_cross, basic_altar
D:3:      layout_basic, gammafunk_temple_overflow_claw,
          mainiacjoe_overflow_six_doors_small, serial_park_tiny_2, uniq_natasha,
          uniq_terence
D:4:      layout_basic, overflow_temple_1_default,
          minmay_temple_entry_antechambers, uniq_crazy_yiuf_cottage, uniq_pikel

Notes
Turn   | Place    | Note
-------+----------+-------------------------------------------
     0 | D:1      | quinnr the Vine Stalker Air Elementalist began the quest
                  | for the Orb.
     0 | D:1      | Reached XP level 1. HP: 9/9 MP: 4/4
    55 | D:1      | Upgraded the game from 0.31-a0-145-g046c7d2549 to
                  | 0.31-a0-154-g56bf346678
   243 | D:1      | Reached skill level 3 in Stealth
   243 | D:1      | Reached XP level 2. HP: 13/13 MP: 4/6
   395 | D:1      | You fall into a shaft and drop 1 floor!
   823 | D:2      | Found a shadowy altar of Dithmenos.
   859 | D:3      | Reached XP level 3. HP: 15/16 MP: 2/7
  1038 | D:2      | Reached skill level 4 in Stealth
  1163 | D:2      | Gained mutation: Your natural rate of healing is unusually
                  | fast. [Vine Stalker growth]
  1163 | D:2      | Reached XP level 4. HP: 21/21 MP: 6/8
  1215 | D:1      | Reached skill level 4 in Air Magic
  2185 | D:3      | Found a blossoming altar of Fedhas.
  2185 | D:3      | Found an opulent altar of Gozag.
  2186 | D:3      | Found an iron altar of Okawaru.
  2435 | D:3      | Noticed Natasha
  2441 | D:3      | Learned a level 3 spell: Swiftness
  2444 | D:3      | Learned a level 2 spell: Static Discharge
  2455 | D:3      | Killed Natasha
  2614 | D:3      | Reached XP level 5. HP: 24/24 MP: 7/9
  2655 | D:3      | Noticed Natasha
  2663 | D:3      | Killed Natasha
  2821 | D:3      | Noticed Terence
  3040 | D:3      | Found a radiant altar of Vehumet.
  3045 | D:3      | Became a worshipper of Vehumet
  3102 | D:3      | Noticed Natasha
  3112 | D:3      | Killed Natasha
  3113 | D:3      | Reached skill level 5 in Stealth
  3217 | D:4      | Noticed Pikel
  3217 | D:4      | Noticed a lemure
  3217 | D:4      | Noticed a lemure
  3217 | D:4      | Noticed a lemure
  3460 | D:3      | Killed a lemure
  3651 | D:3      | Reached skill level 3 in Spellcasting
  3670 | D:3      | Killed Terence
  3742 | D:3      | Killed a lemure
  3857 | D:4      | Noticed a lemure
  3911 | D:2      | Learned a level 4 spell: Airstrike
  3979 | D:3      | Slain by Pikel

Vanquished Creatures
  2 lemures (D:3)
  Terence (D:3)
  Natasha (thrice) (D:3)
  3 adders
  3 worms
  3 dart slugs
  An orc (D:3)
  5 ball pythons
  4 endoplasms
  4 giant cockroaches
  6 goblins (D:1)
  4 hobgoblins
  10 jackals
  3 quokkas
  6 bats
  3 frilled lizards
  8 kobolds
  2 rats
71 creatures vanquished.

Table legend: (Time is in decaauts)
 A = Elapsed time spent in this place.
 B = Non-inter-level travel time spent in this place.
 C = Inter-level travel time spent in this place.
 D = Time resting spent in this place.
 E = Time spent auto-exploring this place.
 F = Levels seen in this place.
 G = Mean time per level.
                   A        B        C        D        E       F      G
               +--------+--------+--------+--------+--------+-----+--------+
         Total |   3990 |   3724 |    266 |    177 |   2868 |   4 |  997.5 |
       Dungeon |   3990 |   3724 |    266 |    177 |   2868 |   4 |  997.5 |
               +--------+--------+--------+--------+--------+-----+--------+

Top non-repeatable levels by time:
     D:3: 1738 daAuts
     D:2: 1394 daAuts
     D:1: 769 daAuts
     D:4: 88 daAuts

Table legend:
 A = Non-vault XP
 B = Vault XP
 C = Vault XP percentage of total XP
 D = Non-vault monster count
 E = Vault monster count
 F = Vault count percentage of total count
                 A         B        C        D         E       F
            +---------+---------+-------+---------+---------+-------
      Total |     235 |      71 |  23.2 |      67 |       2 |   2.9
            +---------+---------+-------+---------+---------+-------
        D:1 |      31 |       0 |   0.0 |      20 |       0 |   0.0
        D:2 |      65 |       0 |   0.0 |      20 |       0 |   0.0
        D:3 |     133 |      71 |  34.8 |      25 |       2 |   7.4
        D:4 |       6 |       0 |   0.0 |       2 |       0 |   0.0
            +---------+---------+-------+---------+---------+-------

Levels and vault maps discovered:
D:1:      sevenhm_arrival_forest_fort_small_4, layout_rooms
D:2:      layout_loops_cross, basic_altar
D:3:      layout_basic, gammafunk_temple_overflow_claw,
          mainiacjoe_overflow_six_doors_small, serial_park_tiny_2, uniq_natasha,
          uniq_terence
D:4:      layout_basic, overflow_temple_1_default,
          minmay_temple_entry_antechambers, uniq_crazy_yiuf_cottage, uniq_pikel
